 Dungeon Sprint DCSS version 0.29.1-4-g47bece8355 (webtiles) character file.

Game seed: 5286522573882408898

341 conradc the Nimble (level 6, -6/52 HPs)
             Began as a Demonspawn Gladiator on Dec 12, 2022.
             Was an Initiate of Trog.
             Mangled by a two-headed ogre
             ... wielding a +0 giant spiked club
              (11 damage)
             ... in the Dungeon (Sprint IX: "|||||||||||||||||||||||||||||").
             The game lasted 00:01:56 (533 turns).

conradc the Nimble (Demonspawn Gladiator)            Turns: 533, Time: 00:01:57

Health: -6/52      AC: 18    Str: 14    XL:     6   Next: 30%
Magic:  6/6        EV:  6    Int: 10    God:    Trog [......]
Gold:   0          SH:  0    Dex: 16    Spells: 5/5 levels left

rFire   . . .      SeeInvis .   a - +0 long sword
rCold   . . .      Faith    .   (no shield)
rNeg    . . .      Spirit   .   o - +0 plate armour
rPois   .          Reflect  .   c - +0 helmet
rElec   .          Harm     .   (no cloak)
rCorr   .          Rampage  .   n - +0 pair of gloves
Will    .....      NoTele   +   m - +0 pair of boots
Stlth   ..........              (no amulet)
HPRegen 0.17/turn               (no ring)
MPRegen 0.10/turn               (no ring)

@: invisible
A: icy blue scales 2, demonic guardian 1
a: Renounce Religion


You were in the Dungeon.
You worshipped Trog.
Trog was noncommittal.
You visited 1 branch

Inventory:

Hand Weapons
 a - a +0 long sword (weapon)
Missiles
 d - 3 throwing nets
Armour
 b - a +0 leather armour
 c - a +0 helmet (worn)
 m - a +0 pair of boots (worn)
 n - a +0 pair of gloves (worn)
 o - a +0 plate armour (worn)
Jewellery
 p - a +3 ring of intelligence
 q - a +3 ring of intelligence
Wands
 l - a wand of roots (9) (quivered)
Scrolls
 k - 2 scrolls of blinking
Potions
 f - 5 potions of curing
 h - a potion of haste
 i - 4 potions of magic


   Skills:
 * Level 5.8 Fighting
 + Level 6.8 Long Blades
 - Level 1.7 Throwing
 * Level 4.6 Armour
 * Level 8.2 Dodging
 + Level 1.7 Stealth


You had 5 spell levels left.
You didn't know any spells.
Your spell library was empty.

Dungeon Overview and Level Annotations

Branches:
Dungeon (1/1)

Altars:
Cheibriados
Dithmenos
Fedhas
Gozag
Hepliaklqana
Kikubaaqudgha
Makhleb
Nemelex Xobeh
Okawaru
Qazlal
Ru
Sif Muna
Trog
Uskayaw
Vehumet
Wu Jian
Xom
Yredelemnul
Jiyva
Lugonu


Innate Abilities, Weirdness & Mutations

You are mostly covered in icy blue scales. (AC +3)
A weak demonic guardian rushes to your aid.


Message History

The two-headed ogre barely misses you.
You hit the two-headed ogre.
The two-headed ogre is heavily wounded.
The two-headed ogre hits you with a +0 giant spiked club!
The two-headed ogre hits you with a +0 giant club!
A demonic guardian appears!
You hit the two-headed ogre.
The two-headed ogre is heavily wounded.
Unknown command.
You barely miss the two-headed ogre.
The two-headed ogre is heavily wounded.
The two-headed ogre hits you with a +0 giant spiked club.
The two-headed ogre hits you with a +0 giant club!!
* * * LOW HITPOINT WARNING * * *
Unknown command.
You swap places.
Your shadow imp hits the two-headed ogre.
The two-headed ogre hits your shadow imp with a +0 giant spiked club!
Your shadow imp dies!
Your shadow imp disappears in a puff of smoke!
You see here 2 scrolls of amnesia.
You feel much better.
You hit the two-headed ogre but do no damage.
The two-headed ogre is heavily wounded.
The two-headed ogre hits you with a +0 giant spiked club!
The two-headed ogre barely misses you.
You catch the helpless two-headed ogre completely off-guard!
You slash the two-headed ogre!
The two-headed ogre is severely wounded.
The two-headed ogre hits you but does no damage.
The two-headed ogre hits you with a +0 giant club!!
* * * LOW HITPOINT WARNING * * *
You catch the helpless two-headed ogre completely off-guard!
You slash the two-headed ogre!
The two-headed ogre is severely wounded.
You feel much better.
The two-headed ogre hits you with a +0 giant spiked club!
* * * LOW HITPOINT WARNING * * *
The two-headed ogre hits you with a +0 giant club!
You die...

▓'▓
▓.▓
▓.▓
▓o▓
▓O▓
▓y▓
▓T▓
▓O▓
▓@▓
▓.▓
▓'▓
▓_▓
▓_▓
▓_▓
▓_▓
▓_▓
▓_▓


You could see 2 two-headed ogres, a troll (unable to see you), an orc warrior
(unable to see you) and a vampire mosquito (unable to see you).

Vanquished Creatures
  A water moccasin (D)
  2 necrophages (D)
  An orc priest (D)
  An orc (D)
  An endoplasm (D)
  A goblin (D)
  A hobgoblin (D)
  A bat (D)
  A rat (D)
10 creatures vanquished.

Vanquished Creatures (collateral kills)
  A phantom (D)
1 creature vanquished.

Grand Total: 11 creatures vanquished

Notes
Turn   | Place    | Note
-------+----------+-------------------------------------------
     0 | D        | conradc the Demonspawn Gladiator began the quest for the
                  | Orb.
     0 | D        | Reached XP level 1. HP: 16/16 MP: 1/1
     8 | D        | Reached skill level 3 in Dodging
    11 | D        | Reached skill level 1 in Armour
   117 | D        | Noticed a phantom
   117 | D        | Noticed a necrophage
   117 | D        | Noticed a water moccasin
   117 | D        | Noticed a necrophage
   127 | D        | Killed a necrophage
   128 | D        | Reached skill level 5 in Dodging
   128 | D        | Gained mutation: You are partially covered in icy blue
                  | scales. (AC +2) [demonic ancestry]
   128 | D        | Reached XP level 2. HP: 16/24 MP: 2/2
   128 | D        | Reached XP level 3. HP: 20/29 MP: 3/3
   128 | D        | Gained mutation: A weak demonic guardian rushes to your
                  | aid. [demonic ancestry]
   128 | D        | Reached XP level 4. HP: 25/36 MP: 4/4
   135 | D        | Killed a water moccasin
   136 | D        | Reached skill level 5 in Long Blades
   136 | D        | Reached skill level 6 in Dodging
   136 | D        | Reached skill level 1 in Stealth
   136 | D        | Gained mutation: You are mostly covered in icy blue scales.
                  | (AC +3) [demonic ancestry]
   136 | D        | Reached XP level 5. HP: 29/43 MP: 5/5
   143 | D        | Reached skill level 5 in Fighting
   143 | D        | Reached skill level 7 in Dodging
   160 | D        | Killed a phantom
   161 | D        | Reached skill level 8 in Dodging
   161 | D        | Reached XP level 6. HP: 16/52 MP: 6/6
   190 | D        | Found a snail-covered altar of Cheibriados.
   190 | D        | Found a shadowy altar of Dithmenos.
   190 | D        | Found a blossoming altar of Fedhas.
   190 | D        | Found an opulent altar of Gozag.
   191 | D        | Found a hazy altar of Hepliaklqana.
   192 | D        | Found a viscous altar of Jiyva.
   193 | D        | Found an ancient bone altar of Kikubaaqudgha.
   194 | D        | Found a corrupted altar of Lugonu.
   195 | D        | Found a burning altar of Makhleb.
   196 | D        | Found a sparkling altar of Nemelex Xobeh.
   197 | D        | Found an iron altar of Okawaru.
   198 | D        | Found a stormy altar of Qazlal.
   199 | D        | Found a sacrificial altar of Ru.
   200 | D        | Found a shimmering blue altar of Sif Muna.
   201 | D        | Found a bloodstained altar of Trog.
   202 | D        | Found a hide-covered altar of Uskayaw.
   203 | D        | Found a radiant altar of Vehumet.
   204 | D        | Found an ornate altar of the Wu Jian Council.
   205 | D        | Found a shimmering altar of Xom.
   206 | D        | Found a basalt altar of Yredelemnul.
   215 | D        | Became a worshipper of Trog the Wrathful
   508 | D        | Noticed an orc warrior
   508 | D        | Noticed a two-headed ogre
   508 | D        | Noticed a vampire mosquito
   508 | D        | Noticed a troll
   508 | D        | Noticed a two-headed ogre
   531 | D        | HP: 1/52 [two-headed ogre/+0 giant spiked club (25)]
   533 | D        | Mangled by a two-headed ogre

Illustrated notes

Levels and vault maps discovered:
D:        linesprint [early_d, line_temple, items_1, d_10, items_2, lair_1,
          lair_end, items_3, orc_1, orc_end, items_4, d_15, swamp_1, shoals_1,
          snake_1, spider_1, d_20, vaults_1, items_5, swamp_end, shoals_end,
          snake_end, spider_end, vaults_end, d_27, items_6, zot_1, zot_end,
          crypt_end, forest_end, elf_end, slime_end, tomb_end, abyss_end,
          pan_hell_end]

Skill      XL: |  1  2  3  4  5 |
---------------+----------------+-----
Long Blades    | 4 5 6 |  6.8
Dodging        | 5 6 8 |  8.2
Armour         | 2 3 4 |  4.6
Fighting       | 3 4 5 |  5.8
Stealth        | 1 |  1.7
Throwing       | |  1.7

Action                   |  1- 3 |  4- 6 || total
-------------------------+-------+-------++-------
Melee: Long sword        |    14 |    33 ||    47
       Punch             |       |     1 ||     1
Throw: Javelin           |     1 |     1 ||     2
Evoke: Wand              |       |     1 ||     1
  Use: Potion            |     2 |     3 ||     5
 Stab: Sleeping          |     1 |       ||     1
       Invisible         |       |     2 ||     2
Armor: Leather armour    |     3 |     6 ||     9
       Plate armour      |       |     3 ||     3
Dodge: Dodged            |    10 |    15 ||    25
